 Dungeon Crawl Stone Soup version 0.30.1-9-gdf580d7c3d (webtiles) character file.

Game seed: 14757248945919206231

375 lonewolfV2 the Shield-Bearer (level 7, -3/54 HPs)
             Began as a Formicid Fighter on Oct 3, 2023.
             Slain by Duvessa
             ... wielding a +0 rapier
              (15 damage)
             ... on level 5 of the Dungeon.
             The game lasted 00:05:55 (3141 turns).

lonewolfV2 the Shield-Bearer (Formicid Fighter)     Turns: 3141, Time: 00:05:56

Health: -3/54      AC: 10    Str: 22    XL:     7   Next: 3%
Magic:  7/7        EV: 10    Int:  8    God:
Gold:   159        SH:  6    Dex: 13    Spells: 6/6 levels left

rFire   . . .        a - +0 war axe
rCold   . . .        c - +1 buckler
rNeg    . . .        b - +0 scale mail
rPois   .            (helmet unavailable)
rElec   .            (no cloak)
rCorr   .            e - +2 pair of gloves
SInv    +            (no boots)
Will    .....        (no amulet) Stlth
                     (no ring)
HPRegen 0.29/turn    (no ring)
MPRegen 0.10/turn

%: no passive effects
@: no status effects
A: permanent stasis, dig shafts and tunnels, antennae 3, four strong arms
a: Dig, Shaft Self


You were on level 5 of the Dungeon.
You visited 1 branch of the dungeon, and saw 5 of its levels.

You collected 159 gold pieces.

Inventory:

Hand Weapons
 a - a +0 war axe (weapon)
Armour
 b - a +0 scale mail (worn)
 c - a +1 buckler (worn)
 e - a +2 pair of gloves (worn)
Scrolls
 k - a scroll of enchant weapon {unknown}
 l - a scroll of identify
Potions
 d - 2 potions of might
 f - a potion of haste
 g - 2 potions of ambrosia
 h - a potion of mutation {unknown}
 i - 3 potions of heal wounds {unknown}
 j - 2 potions of cancellation {unknown}
 m - 2 potions of brilliance {unknown}


   Skills:
 + Level 4.2 Fighting
 + Level 5.1 Axes
 + Level 4.0 Armour
 + Level 1.3 Dodging
 + Level 0.3 Stealth
 + Level 5.2 Shields


You had 6 spell levels left.
You didn't know any spells.
Your spell library contained the following spells:

 Spells                   Type           Power      Damage    Failure   Level
 Inner Flame              Hex/Fire       0%         N/A       99%         3
 Volatile Blastmotes      Fire/Tloc      0%         2d10      99%         3
 Flame Wave               Conj/Fire      0%         2d4       100%        4
 Fulminant Prism          Conj/Hex       0%         3d5       100%        4
 Iskenderun's Mystic Bla  Conj/Tloc      0%         2d3       100%        4
 Sticky Flame             Conj/Fire      0%         2d3       100%        4
 Lee's Rapid Deconstruct  Erth           0%         3d4*      100%        5


Dungeon Overview and Level Annotations

Branches:
Dungeon (4/15)
 Temple: D:4-7

Altars:

Shops:
D:2 [*   D:3 [(**

Annotations:
D:5 Duvessa


Innate Abilities, Weirdness & Mutations

You cannot be hasted, slowed, berserked, paralysed or teleported.
You can dig through walls and to a lower floor.
You have a pair of large antennae on your head. (SInv)
Your four strong arms can wield two-handed weapons with a shield.


Message History

Dowan casts a spell at you.
You are outlined in light.
There is an open door here.
You feel very mighty all of a sudden. Duvessa hits you with a +0 rapier.
Dowan hits you but does no damage.
You slice Dowan!!
Dowan is almost dead.
You hit Duvessa. Dowan hits you but does no damage.
Duvessa zaps a wand.
The bolt of dispelling energy hits you.
Your magical effects are unravelling.
Unknown command.
You slash Dowan!
You kill Dowan!
Duvessa weeps, and shakes her weapon.
Duvessa goes berserk!
You slash Duvessa!
You feel a little less mighty now.
You are no longer glowing.
Duvessa hits you but does no damage. Duvessa hits you with a +0 rapier!
Your Axes skill increases to level 5!
You have reached level 7!
You barely miss Duvessa.
Duvessa is moderately wounded.
Duvessa hits you but does no damage. Duvessa hits you with a +0 rapier!
You hit Duvessa.
Duvessa is moderately wounded.
Duvessa hits you with a +0 rapier! You block Duvessa's attack.
You slash Duvessa!
Duvessa is heavily wounded.
Duvessa misses you. Duvessa barely misses you.
You hit Duvessa.
Duvessa is severely wounded.
You block Duvessa's attack.
You closely miss Duvessa.
Duvessa is heavily wounded.
Duvessa closely misses you. x2
You slash Duvessa!
Duvessa is almost dead.
Duvessa hits you with a +0 rapier!
* * * LOW HITPOINT WARNING * * *
Duvessa hits you with a +0 rapier!
You die...

#..........# # ###
#..........##.# ..#
#.............#
..###..........##.#####
.....................>.
..###..................
..# #########...#######
..# #.#.#.?..⌠# ..#
#.#.@)...8# ..#
#.#.#e...⌠# ..#
#...##+#+## ..# #.#.#{
### #.#.#{ #.#.# #..
##.


You could see Duvessa (berserk).

Vanquished Creatures
  An ogre (D:4)
  A scorpion (D:4)
  Dowan (D:5)
  2 orc priests (D:3)
  An iguana (D:4)
  An orc wizard (D:3)
  A white imp (D:4)
  2 dart slugs
  7 orcs
  3 bats
  3 endoplasms
  4 giant cockroaches
  14 goblins
  8 hobgoblins
  3 kobolds
  2 quokkas (D:1)
  A ball python (D:2)
  3 frilled lizards
  2 rats (D:1)
60 creatures vanquished.

Notes
Turn   | Place    | Note
-------+----------+-------------------------------------------
     0 | D:1      | lonewolfV2 the Formicid Fighter began the quest for the
                  | Orb.
     0 | D:1      | Reached XP level 1. HP: 18/18 MP: 1/1
   226 | D:1      | Reached XP level 2. HP: 24/24 MP: 2/2
   648 | D:1      | Reached XP level 3. HP: 28/29 MP: 3/3
   851 | D:2      | Found Xoewon's Antique Armour Emporium.
   956 | D:2      | Found Fylukeg's General Store.
  1397 | D:3      | Found Alubrugo's General Store.
  1430 | D:3      | Reached XP level 4. HP: 9/37 MP: 4/4
  1433 | D:3      | Reached XP level 5. HP: 11/42 MP: 5/5
  1776 | D:3      | Found Coyv's Assorted Antiques.
  1929 | D:3      | Found a faded altar of an unknown god.
  2108 | D:3      | Found Luovaal's Armour Shop.
  2234 | D:3      | Found Xyommi's Weapon Shoppe.
  2473 | D:4      | Reached skill level 1 in Dodging
  2486 | D:4      | Reached skill level 5 in Shields
  2486 | D:4      | Reached XP level 6. HP: 42/48 MP: 6/6
  2551 | D:4      | Noticed an ogre
  2565 | D:4      | Killed an ogre
  2726 | D:4      | Noticed an ogre
  2727 | D:4      | You fall into a shaft and drop 1 floor!
  2727 | D:5      | Entered Level 5 of the Dungeon
  3131 | D:5      | Noticed Duvessa
  3131 | D:5      | Noticed Dowan
  3135 | D:5      | Killed Dowan
  3136 | D:5      | Reached skill level 5 in Axes
  3136 | D:5      | Reached XP level 7. HP: 39/54 MP: 7/7
  3141 | D:5      | Slain by Duvessa

Illustrated notes

Levels and vault maps discovered:
D:1:      lightli_arrival_statue_moat, layout_loops_cross,
          dreamdust_wishing_well
D:2:      layout_rooms, serial_aquarium, aquarium_bridge_square
          [aquarium_subvault_wall, aquarium_subvault_wall,
          aquarium_subvault_bridge, aquarium_subvault_wall],
          aquarium_bridge_island_small [aquarium_subvault_small_open,
          aquarium_subvault_bridge, aquarium_subvault_bridge,
          aquarium_subvault_bridge, aquarium_subvault_balcony],
          aquarium_window_double, aquarium_window_2, aquarium_window_1,
          aquarium_view_2b, aquarium_balcony_3a, serial_shops, shop,
          nicolae_diamond_shop
D:3:      layout_rooms, dreamdust_ecumenical_altar_grove, serial_shops,
          nicolae_shop_tiny_waterfront, nicolae_diamond_shop, shop,
          nicolae_shop_advertising_works [nicolae_subvault_shop_adworks],
          minmay_goblin_outpost
D:4:      minmay_thick_lines, layout_basic, enter_ossuary_3,
          hangedman_decor_diamond_cutter
D:5:      dreamdust_elfheim, layout_basic

Skill      XL: |  1  2  3  4  5  6 |
---------------+-------------------+-----
Axes           | 3 4 5 |  5.1
Fighting       | 4 |  4.2
Dodging        | 1 |  1.3
Armour         | 4 |  4.0
Shields        | 5 |  5.2
Stealth        | |  0.3

Action                     |  1- 3 |  4- 6 |  7- 9 || total
---------------------------+-------+-------+-------++-------
  Melee: War axe           |    84 |    79 |     6 ||   169
Ability: Shaft Self        |       |     1 |       ||     1
    Use: Scroll            |     5 |     3 |       ||     8
         Potion            |       |     1 |       ||     1
 Armour: Scale mail        |    64 |    49 |     1 ||   114
  Dodge: Dodged            |    59 |    37 |     4 ||   100
  Block: Buckler           |    28 |    31 |     2 ||    61
